 Dungeon Crawl Stone Soup version 0.24-a0-312-g16217b4 (webtiles) character file.

Game seed: 16815593416613535720

3250 nikopol the Thaumaturge (level 9, -4/47 HPs)
             Began as a Deep Elf Fire Elementalist on May 15, 2019.
             Was a Follower of Vehumet.
             Slain by a centaur (10 damage)
             ... on level 8 of the Dungeon.
             The game lasted 00:21:54 (7873 turns).

nikopol the Thaumaturge (DEFE)                      Turns: 7873, Time: 00:21:55

Health: -4/47      AC:  3    Str:  5    XL:     9   Next: 67%
Magic:  43/43      EV: 14    Int: 34    God:    Vehumet [*.....]
Gold:   321        SH:  0    Dex: 12    Spells: 14/29 levels left

rFire    . . .     SeeInvis .   o - +2 dagger (speed)
rCold    + . .     Gourm    .   (no shield)
rNeg     + . .     Faith    .   s - +1 robe of the Armadillo {MP+9}
rPois    .         Spirit   .   (no helmet)
rElec    +         Reflect  .   (no cloak)
rCorr    .         Harm     .   (no gloves)
MR       ++...                  (no boots)
Stlth    +++.......             C - amulet "Keapnuot" {rElec MR++ Regen+ Dex-3 Slay+2}
HPRegen  0.55/turn              D - ring of Puacux {rC+ Int+5}
MPRegen  0.28/turn              z - ring of Understanding {rN+ MP+9 Int+5}

@: no status effects
A: no striking features
a: Renounce Religion


You were on level 8 of the Dungeon.
You worshipped Vehumet.
Vehumet was aware of your devotion.
You were very full.

You visited 1 branch of the dungeon, and saw 8 of its levels.

You collected 474 gold pieces.
You spent 153 gold pieces at shops.

Inventory:

Hand Weapons
 o - a +2 dagger of speed (weapon)
Armour
 s - the +1 robe of the Armadillo (worn) {MP+9}
   (You bought it in a shop on level 6 of the Dungeon)

   It affects your magic capacity (+9).
 v - the +2 robe of the Pleiades {rElec Str+3 Dex+2 Stlth+}
   (You found it on level 5 of the Dungeon)

   It affects your strength (+3).
   It affects your dexterity (+2).
   It insulates you from electricity.
   It makes you more stealthy.
Jewellery
 z - the ring of Understanding (right hand) {rN+ MP+9 Int+5}
   (You took it off a centaur on level 7 of the Dungeon)

   [ring of intelligence]

   It affects your intelligence (+5).
   It protects you from negative energy.
   It affects your magic capacity (+9).
 C - the amulet "Keapnuot" (around neck) {rElec MR++ Regen+ Dex-3 Slay+2}
   (You took it off a kobold demonologist on level 7 of the Dungeon)

   [amulet of regeneration]

   It affects your dexterity (-3).
   It affects your accuracy and damage with ranged weapons and melee attacks
   (+2).
   It insulates you from electricity.
   It affects your resistance to hostile enchantments.
   It increases your rate of regeneration.
 D - the ring of Puacux (left hand) {rC+ Int+5}
   (You found it on level 7 of the Dungeon)

   [ring of protection from cold]

   It affects your intelligence (+5).
   It protects you from cold.
Wands
 y - a wand of flame (20)
Scrolls
 d - a scroll of identify
 i - 3 scrolls of amnesia
 k - 2 scrolls of teleportation
 l - 5 scrolls of blinking
 p - 2 scrolls of remove curse
 q - 2 scrolls of magic mapping
 r - a scroll of summoning {unknown}
Potions
 a - a potion of ambrosia {unknown}
 b - 2 potions of invisibility
 e - a potion of might
 f - a potion of flight
 g - 4 potions of heal wounds
 h - 2 potions of brilliance
 j - a potion of agility {unknown}
 m - 2 potions of lignification {unknown}
 n - 2 potions of curing
 t - a potion of berserk rage {unknown}
 u - a potion of haste {unknown}
 w - a potion of resistance {unknown}
 B - a potion of magic {unknown}
Comestibles
 c - 17 rations


   Skills:
 + Level 1.0 Fighting
 + Level 4.6 Dodging
 + Level 4.3 Stealth
 + Level 10.7 Spellcasting
 + Level 7.9 Conjurations
 + Level 8.4 Fire Magic


You had 14 spell levels left.
You knew the following spells:

 Your Spells              Type           Power        Failure   Level  Hunger
a - Flame Tongue          Conj/Fire      #####        1%          1    None
b - Throw Flame           Conj/Fire      ######       1%          2    None
c - Conjure Flame         Conj/Fire      ######..     1%          3    None
d - Sticky Flame          Conj/Fire      ######..     1%          4    None
e - Fireball              Conj/Fire      ######....   2%          5    ##.....

Your spell library contained the following spells:

 Spells                   Type           Power        Failure   Level  Hunger
 Sandblast                Erth           ###...       2%          1    None
 Dazzling Spray           Conj/Hex       #####.       1%          3    None
 Inner Flame              Hex/Fire       #####...     1%          3    None
 Animate Skeleton         Necr           N/A          2%          1    None
 Apportation              Tloc           ###...       2%          1    None
 Confusing Touch          Hex            ###...       2%          1    None
 Corona                   Hex            ###....      2%          1    None
 Summon Small Mammal      Summ           ###.         2%          1    None
 Ensorcelled Hibernation  Hex/Ice        ###...       3%          2    None
 Confuse                  Hex            ###.....     8%          3    None
 Tukima's Dance           Hex            ###.....     8%          3    None


Dungeon Overview and Level Annotations

Branches:
Dungeon (8/15)             Temple (0/1) D:6
   Lair: D:8-11

Altars:
Dithmenos
Sif Muna
Trog
Uskayaw
Vehumet
Zin

Shops:
D:6 [   D:7 =


Message History

The arrow hits you.
The centaur shoots an arrow.
The arrow barely misses you.
You see here 2 arrows.
The centaur shoots an arrow.
The arrow hits you!
You hear two shouts!
You hear a shout!
You see here an arrow.
The centaur shoots an arrow.
The arrow hits you!
You see here an arrow.
The centaur shoots an arrow.
The arrow hits you!
* * * LOW HITPOINT WARNING * * *
You hear a howl!
You see here an arrow.
A warg and an orc wizard come into view.
The orc wizard shouts!
You hear a shout! x2
The centaur unwields a +0 shortbow.
The centaur hits you.
* * * LOW HITPOINT WARNING * * *
A two-headed ogre comes into view. It is wielding two +0 giant clubs.
A kobold comes into view. It is wielding a +0 short sword.
An orc warrior comes into view. It is wielding a -3 dire flail.
The centaur hits you!
You die... ... ... #.# #.# #.## #..## K #..(# hOo

#(#(###.o...
#(..@...##
###....c...#
#...........#
#.#.........#
#.#......##.##
#.###..#.##...
###.#
##........
#...####...##
#.......##.#


You could see a two-headed ogre, a warg, an orc warrior (wandering), a centaur,
an orc wizard and a kobold.

Vanquished Creatures
  A kobold demonologist (D:7)
  A troll (D:7)
  Sigmund (D:3)
  A wraith (D:7)
  Menkaure (D:5)
  2 ice beasts (D:7)
  4 phantoms
  A black bear (D:7)
  2 ogres (D:5)
  2 centaurs
  A gnoll sergeant (D:5)
  3 bullfrogs
  A killer bee (D:7)
  5 wights (D:6)
  A howler monkey (D:7)
  A bullfrog zombie (D:7)
  A quasit (D:7)
  A bullfrog skeleton (D:7)
  An orc priest (D:6)
  5 hounds
  Jessica (D:2)
  2 iguanas (D:7)
  8 worker ants
  A statue (D:5)
  2 hound skeletons
  Robin (D:2)
  12 adders
  4 gnolls (D:5)
  A shadow imp (D:5)
  3 oozes
  2 adder skeletons
  A worm (D:6)
  3 dart slugs
  3 leopard geckos
  9 orcs
  3 ball pythons
  9 giant cockroaches
  18 goblins
  6 hobgoblins
  8 jackals
  4 quokkas
  5 bats
  4 frilled lizards
  A jackal skeleton (D:7)
  A jackal zombie (D:5)
  5 kobolds
  6 rats
159 creatures vanquished.

Notes
Turn   | Place    | Note
-------+----------+-------------------------------------------
     0 | D:1      | nikopol the Deep Elf Fire Elementalist began the quest for
                  | the Orb.
     0 | D:1      | Reached XP level 1. HP: 10/10 MP: 6/6
   230 | D:1      | Reached XP level 2. HP: 15/15 MP: 2/8
   961 | D:2      | Reached XP level 3. HP: 18/19 MP: 3/10
  1022 | D:2      | Found a glowing silver altar of Zin.
  1033 | D:2      | Noticed Jessica
  1037 | D:2      | Killed Jessica
  1037 | D:2      | Reached skill level 4 in Spellcasting
  1069 | D:2      | Noticed Robin
  1103 | D:2      | Reached XP level 4. HP: 21/24 MP: 4/12
  1163 | D:2      | Learned a level 2 spell: Throw Flame
  1167 | D:2      | Learned a level 3 spell: Conjure Flame
  1170 | D:2      | Killed Robin
  2132 | D:3      | Noticed Sigmund
  2191 | D:3      | Killed Sigmund
  2191 | D:3      | Reached skill level 5 in Spellcasting
  2191 | D:3      | Reached skill level 5 in Fire Magic
  2191 | D:3      | Reached XP level 5. HP: 28/28 MP: 2/15
  2191 | D:3      | Reached XP level 6. HP: 32/32 MP: 2/16
  2288 | D:3      | Learned a level 4 spell: Sticky Flame
  2420 | D:3      | You fall through a shaft for 2 floors!
  2420 | D:5      | Entered Level 5 of the Dungeon
  2420 | D:5      | Found a bloodstained altar of Trog.
  2420 | D:5      | Noticed a moth of wrath
  2534 | D:5      | Got a fine robe
  2545 | D:5      | Identified the +2 robe of the Pleiades {rElec Str+3 Dex+2
                  | Stlth+} (You found it on level 5 of the Dungeon)
  2566 | D:4      | Reached skill level 6 in Spellcasting
  3131 | D:4      | Got a twisted robe
  3142 | D:4      | Identified the +1 robe "Raer" {*Slow rN+ Regen+} (You found
                  | it on level 4 of the Dungeon)
  3473 | D:5      | Reached XP level 7. HP: 28/36 MP: 10/18
  3622 | D:5      | Noticed Menkaure
  3625 | D:5      | Killed Menkaure
  3625 | D:5      | Reached skill level 7 in Spellcasting
  3908 | D:5      | Found a radiant altar of Vehumet.
  4037 | D:5      | Reached XP level 8. HP: 41/41 MP: 12/21
  4091 | D:5      | Learned a level 5 spell: Fireball
  4149 | D:5      | Reached skill level 5 in Conjurations
  4150 | D:5      | Reached skill level 8 in Spellcasting
  4325 | D:5      | Found a hide-covered altar of Uskayaw.
  4325 | D:5      | Noticed a +0 dagger
  4326 | D:5      | Noticed a +0 hand axe
  4815 | D:5      | Got a warped leather armour
  4826 | D:5      | Identified the cursed +1 leather armour "Ikhluinea" {Str+2
                  | Int+7} (You found it on level 5 of the Dungeon)
  5174 | D:5      | Became a worshipper of Vehumet
  5314 | D:6      | Found a staircase to the Ecumenical Temple.
  6100 | D:6      | Found Ruodixkawe's Antique Armour Emporium.
  6103 | D:6      | Bought a wizard robe for 153 gold pieces
  6113 | D:6      | Identified the +1 robe of the Armadillo {MP+9} (You bought
                  | it in a shop on level 6 of the Dungeon)
  6133 | D:7      | Found Nadghucs's Jewellery Shop.
  6182 | D:7      | Reached skill level 9 in Spellcasting
  6273 | D:7      | Reached * piety under Vehumet
  6273 | D:7      | Offered knowledge of Sandblast by Vehumet.
  6431 | D:7      | Found a shadowy altar of Dithmenos.
  6496 | D:7      | Reached XP level 9. HP: 41/46 MP: 18/24
  6783 | D:7      | Got a brightly glowing ring mail
  7061 | D:7      | Reached skill level 10 in Spellcasting
  7072 | D:7      | Noticed a troll
  7078 | D:7      | Killed a troll
  7088 | D:7      | Identified the ring of Understanding {rN+ MP+9 Int+5}
  7235 | D:7      | Identified the amulet "Keapnuot" {rElec MR++ Regen+ Dex-3
                  | Slay+2}
  7235 | D:7      | Noticed a kobold demonologist
  7237 | D:7      | Killed a kobold demonologist
  7237 | D:7      | Reached skill level 1 in Fighting
  7476 | D:7      | Got a warped lead ring
  7483 | D:7      | Got a vibrating garnet amulet
  7622 | D:7      | Found a deep blue altar of Sif Muna.
  7680 | D:8      | Identified the ring of Puacux {rC+ Int+5} (You found it on
                  | level 7 of the Dungeon)
  7681 | D:8      | Identified the amulet "Jepeomuy" {Acrobat Dex+5} (You found
                  | it on level 7 of the Dungeon)
  7784 | D:8      | Identified the cursed +1 ring mail "Nuliniy" {-Tele rElec
                  | Int-4 Dex+8} (You found it on level 7 of the Dungeon)
  7873 | D:8      | Noticed a two-headed ogre
  7873 | D:8      | Slain by a centaur

Levels and vault maps discovered:
D:1:      lemuel_arrival_broad_hall, layout_loops_ring, minmay_small_reverse_x
D:2:      layout_basic, overflow_temple_1_default, uniq_robin, uniq_jessica
D:3:      layout_rooms, uniq_sigmund
D:4:      layout_gridville
D:5:      layout_basic, vehumet_statue, tgw_trog, dancing_weapons_uskayaw,
          first_ration, uniq_menkaure
D:6:      layout_cave_pools, minmay_temple_entry_mini_moons, serial_shops,
          kennysheep_mini_moat
D:7:      minmay_the_grid_triangle_9x9_rhombus_thin
          [minmay_the_grid_triangle_9x9_negative_grid,
          minmay_the_grid_triangle_9x9_prize_special,
          minmay_the_grid_triangle_9x9_skeleton,
          minmay_the_grid_triangle_9x9_alien], layout_gridville,
          lemuel_blue_sif_altar, kennysheep_mini, serial_shops, shop
D:8:      layout_rooms, erik_lair_orcish_takeover, serial_shops, shop,
          uniq_prince_ribbit1

Skill      XL: |  1  2  3  4  5  6  7  8  9 |
---------------+----------------------------+-----
Fire Magic     | 4 5 6 7 8 |  8.4
Spellcasting   | 4 5 6 7 9 10 | 10.7
Conjurations   | 3 4 7 |  7.9
Stealth        | 3 4 |  4.3
Dodging        | 3 4 |  4.6
Fighting       | 1 |  1.0

Action                   |  1- 3 |  4- 6 |  7- 9 || total
-------------------------+-------+-------+-------++-------
Melee: Dagger            |     1 |       |    36 ||    37
 Cast: Flame Tongue      |    48 |   119 |   163 ||   330
       Conjure Flame     |       |     1 |     4 ||     5
       Sticky Flame      |       |     3 |    23 ||    26
       Throw Flame       |       |       |    34 ||    34
       Fireball          |       |       |     5 ||     5
  Use: Scroll            |       |       |    20 ||    20
  Eat: Chunk             |       |     8 |    22 ||    30
Armor: Robe              |     5 |     4 |    17 ||    26
Dodge: Dodged            |    12 |    25 |    81 ||   118

Table legend:
 A = Non-vault XP
 B = Vault XP
 C = Vault XP percentage of total XP
 D = Non-vault monster count
 E = Vault monster count
 F = Vault count percentage of total count
                 A         B        C        D         E       F
            +---------+---------+-------+---------+---------+-------
      Total |    2340 |    2304 |  49.6 |     120 |      39 |  24.5
            +---------+---------+-------+---------+---------+-------
        D:1 |      26 |       3 |  10.3 |      15 |       3 |  16.7
        D:2 |      74 |      71 |  49.0 |      15 |      11 |  42.3
        D:3 |      53 |     227 |  81.1 |      18 |       1 |   5.3
        D:4 |     140 |       0 |   0.0 |      17 |       0 |   0.0
        D:5 |     922 |     207 |  18.3 |      22 |       5 |  18.5
        D:6 |     625 |       0 |   0.0 |      21 |       0 |   0.0
        D:7 |     325 |    1796 |  84.7 |       7 |      19 |  73.1
        D:8 |     175 |       0 |   0.0 |       5 |       0 |   0.0
            +---------+---------+-------+---------+---------+-------
